[Event "Mitropa Cup Open 2024"]
[Site "Apolda"]
[Date "2024.02.17"]
[Round "3.14"]
[White "Peyrer, Konstantin"]
[Black "Goroshkov, Maksym"]
[Result "1-0"]
[ECO "A70"]
[WhiteElo "2439"]
[BlackElo "2338"]
[Annotator "TA"]
[PlyCount "89"]
[EventDate "2024.02.15"]
[EventType "team-tourn"]
[EventCountry "GER"]
[SourceTitle "playchess.com"]
[Source "ChessBase"]
[SourceQuality "1"]
[WhiteTeam "Austria"]
[BlackTeam "Slovenia"]
[WhiteTeamCountry "AUT"]
[BlackTeamCountry "SLO"]
[TimeControl "40/5400+30:1800+30"]

1. e4 d6 2. d4 g6 3. c4 Nf6 4. Nc3 Bg7 5. h3 O-O 6. Be3 c5 7. d5 e6 8. Nf3 exd5 9. cxd5 Qa5 (9... Re8 $11) 10. Nd2 $16 Re8 11. Bd3 a6 {[%emt 0:03:41] White is slightly better.} 12. a4 Nfd7 13. O-O Ne5 {[%emt 0:03:10] [#]} (13... Qc7 $16 14. f4 Nf8) 14. Be2 (14. Bc2 $1 $18) 14... f5 15. Qc2 Qd8 16. a5 Qh4 17. f4 Nf7 18. Nc4 {[%emt 0:04:34] Nb6 would now be deadly.} fxe4 19. Nxe4 (19. Nb6 $18 {has better winning chances.} Bxh3 20. Nxa8) 19... Bf5 20. Bd3 (20. Ncxd6 $2 {loses.} Nxd6 21. Qxc5 Nxe4 $19 (21... Rxe4 $2 22. Bd3 $19)) 20... Bxe4 21. Bxe4 Nd7 22. Rae1 Bd4 23. Bxd4 cxd4 24. Qd2 Qf6 25. Bf3 Nf8 {[%emt 0:08:46] Wards off Re6} (25... d3 $16) 26. Nb6 Rad8 27. Rc1 {[%emt 0:04:23][%cal Be1c1,Bc1c3,Bc3d3][%mdl 32] White has more active pieces.} Re3 (27... Re7 $16 {keeps fighting.} 28. Rc4 d3) 28. Nc4 Re7 29. Kh2 ({White should try} 29. Rce1 $16) 29... Rde8 $14 30. Rfd1 d3 31. Rc3 $36 {[%emt 0:00:07][%mdl 2048] White is more active.} Nh6 ({Better is} 31... Nd7 $14) 32. Rxd3 $18 Nf5 33. Qc3 Qh4 {[%emt 0:00:33] White must now prevent ...Qg3+.} 34. Bg4 Re4 {[%emt 0:06:55] [#]} 35. Rf1 $1 {[%emt 0:01:30] And now Bxf5 would win.} Rc8 36. b3 {[%emt 0:00:07][%cal Bb2b3,Bb3c4][%mdl 32] Strongly threatening Bxf5.} Nd7 $2 (36... Rc7 37. Bxf5 gxf5) 37. Bxf5 Rcxc4 38. bxc4 gxf5 39. Rg3+ Kf7 40. Qh8 Qh6 41. Qg8+ {[%emt 0:30:56] White mates.} Kf6 42. Qd8+ Re7 43. Re1 Qf8 44. Re6+ Kf7 45. Rxe7+ {[%emt 0:00:04] Weighted Error Value: White=0.11 (very precise) /Black=0.33.  Mistake:       	White=3     	Black=5      Inaccurate:     	---       	Black=4      OK:         	White=11    	Black=7      Best:        	White=5     	Black=3} 1-0

[Event "Mitropa Cup Open 2024"]
[Site "Apolda"]
[Date "2024.02.17"]
[Round "3.15"]
[White "Lavrencic, Matic"]
[Black "Morgunov, Marc"]
[Result "1/2-1/2"]
[ECO "C50"]
[WhiteElo "2299"]
[BlackElo "2368"]
[Annotator "TA"]
[PlyCount "60"]
[EventDate "2024.02.15"]
[EventType "team-tourn"]
[EventCountry "GER"]
[SourceTitle "playchess.com"]
[Source "ChessBase"]
[SourceQuality "1"]
[WhiteTeam "Slovenia"]
[BlackTeam "Austria"]
[WhiteTeamCountry "SLO"]
[BlackTeamCountry "AUT"]
[TimeControl "40/5400+30:1800+30"]

1. e4 e5 2. Nf3 Nc6 3. Bc4 Bc5 4. Nc3 Nf6 5. d3 h6 6. h3 a6 7. a4 d6 8. Be3 Bxe3 9. fxe3 Qe7 10. Qd2 Be6 11. Nd5 Bxd5 12. exd5 Nb8 13. e4 Nbd7 14. Qf2 Nh5 15. a5 O-O 16. Qh4 Qxh4+ 17. Nxh4 Ng3 {[%emt 0:05:11] Prevents g4} 18. Rg1 f5 19. Nxf5 Nxf5 20. exf5 Rxf5 21. Ke2 Raf8 22. Raf1 {[%emt 0:00:55] Inhibits Rf2+.} Rxf1 23. Rxf1 Rxf1 24. Kxf1 $11 {[%emt 0:00:15][%mdl 4096] Endgame. KB-KN} Kf7 25. Ke2 Ke7 26. b4 Nf6 27. Kf3 Kd7 28. Bb3 Kc8 29. c4 b6 30. Ba4 bxa5 {[%emt 0:00:45] Weighted Error Value: White=0.09 (flawless) /Black=0.09 (flawless) .  Inaccurate:     	White=5     	Black=1      OK:         	White=8     	Black=8      Best:        	---       	Black=1} 1/2-1/2

[Event "Mitropa Cup Open 2024"]
[Site "Apolda"]
[Date "2024.02.17"]
[Round "3.16"]
[White "Dotzer, Lukas"]
[Black "Olenik Campa, Rudi"]
[Result "0-1"]
[ECO "B33"]
[WhiteElo "2335"]
[BlackElo "2299"]
[Annotator "TA"]
[PlyCount "100"]
[EventDate "2024.02.15"]
[EventType "team-tourn"]
[EventCountry "GER"]
[SourceTitle "playchess.com"]
[Source "ChessBase"]
[SourceQuality "1"]
[WhiteTeam "Austria"]
[BlackTeam "Slovenia"]
[WhiteTeamCountry "AUT"]
[BlackTeamCountry "SLO"]
[TimeControl "40/5400+30:1800+30"]

1. e4 c5 2. Nf3 Nc6 3. d4 cxd4 4. Nxd4 Nf6 5. Nc3 e5 6. Ndb5 d6 7. Nd5 Nxd5 8. exd5 Nb8 9. a4 Be7 {[%emt 0:00:04] B33: Sizilianisch (Lasker/Pelikan/Sweschnikow-Variante).} 10. Bd2 O-O 11. Be2 Bf5 12. O-O a6 13. Na3 Nd7 14. a5 Bg6 15. Nc4 f5 16. Bb4 Qc7 17. Ra3 Rae8 18. Rc3 Qb8 19. Qa1 $146 ({Predecessor:} 19. Bh5 Rf7 20. Bxg6 hxg6 21. Re1 Bf8 22. Rh3 Nf6 23. Nb6 g5 24. c4 g4 25. Rc3 {0-1 Baches Garcia,G (2326)-Meskovs,N (2562) Titled Tuesday intern op 27th Sep Early blitz 2022 (1)}) 19... Nf6 20. Nb6 Rf7 21. Rd1 f4 22. Qa3 Ne4 (22... Bf5 $11 {ist überlegen.}) 23. Rc4 $14 Nf6 $1 24. f3 Bf8 25. Re1 h5 26. Bd3 e4 27. Bxe4 Bxe4 28. fxe4 Ng4 29. Bd2 Qd8 30. h3 (30. Qh3 $11) 30... f3 31. gxf3 (31. hxg4 $2 f2+ (31... hxg4 32. gxf3 gxf3 33. Rf1 $11) 32. Kh2 Qh4+ (32... f1=B 33. Rc8 $16) (32... fxe1=B $2 33. Bxe1 Rf1 34. Bd2 $19) 33. Qh3 fxe1=Q $19) 31... Qh4 $1 32. Re2 $1 (32. fxg4 Qf2+ 33. Kh1 Rf3 $19) (32. hxg4 $2 Qg3+ 33. Kf1 (33. Kh1 $2 Rxf3 $19) 33... Rxf3+ (33... hxg4 34. Ke2 $11) 34. Ke2 Rxa3 35. bxa3 Qxg4+ (35... hxg4 $2 36. Be3 $19) 36. Kd3 h4 $19) 32... Ne5 (32... Qxh3 $1 $11 33. f4 Qxa3 (33... Qh4 34. Qd3 $11) 34. bxa3 g5 35. fxg5 Ne5) 33. f4 $1 $14 Nxc4 34. Nxc4 g5 $1 35. Qf3 $1 gxf4 36. Rg2+ (36. Bc3 $14 Qg3+ 37. Rg2) 36... Rg7 $1 $11 37. Bc3 (37. Rxg7+ $11 {bleibt in der Remisbreite.} Kxg7 38. Kf1) 37... Rxg2+ $17 38. Qxg2+ (38. Kxg2 $17 Qg5+ 39. Kf2) 38... Qg3 $19 39. e5 (39. Nd2 $142) 39... dxe5 $19 40. Bxe5 h4 41. d6 (41. Qxg3+ {kämpft weiter.} fxg3 (41... hxg3 $2 42. c3 $19) 42. Kf1) 41... Bg7 $19 42. d7 Rd8 (42... Rxe5 43. d8=Q+ (43. d8=B $2 Re1#) 43... Kf7 44. Qxg3 (44. Nxe5+ Bxe5 45. Qxg3 hxg3 $18) 44... hxg3 45. Qd7+ (45. Nxe5+ Bxe5 46. Qd5+ Kf6 $18) 45... Re7 46. Nd6+ Kg8 47. Qxe7) 43. Kf1 Rxd7 44. Bd6 Kh8 45. Qe4 $2 (45. Qe2 Qxh3+ 46. Ke1 Qh1+ 47. Kd2 Qd5+ 48. Kc1 Rxd6 49. Nxd6 Qxd6 50. Qh5+ Qh6 51. Qe8+ Kh7 52. Kb1) 45... Qxh3+ $19 46. Kf2 Qg4 47. Ne5 Bxe5 48. Bxe5+ Kg8 49. Qc4+ (49. Bd4 $142 Kf8 50. b3) 49... Kh7 (49... Kf8 $142 50. Qc5+ Ke8 51. Qc8+ Ke7 52. Qc5+ Ke6) 50. Qe4+ Qg6 0-1

[Event "Mitropa Cup Open 2024"]
[Site "Apolda"]
[Date "2024.02.17"]
[Round "3.17"]
[White "Vykouk, Jan"]
[Black "Moroni, Luca Jr"]
[Result "1-0"]
[ECO "B06"]
[WhiteElo "2493"]
[BlackElo "2601"]
[Annotator "RC"]
[PlyCount "159"]
[EventDate "2024.02.15"]
[EventType "team-tourn"]
[EventCountry "GER"]
[SourceTitle "playchess.com"]
[Source "ChessBase"]
[SourceQuality "1"]
[WhiteTeam "Czech Republic"]
[BlackTeam "Italy"]
[WhiteTeamCountry "CZE"]
[BlackTeamCountry "ITA"]
[TimeControl "40/5400+30:1800+30"]

1. e4 g6 2. d4 Bg7 3. Nc3 a6 4. Be3 b5 5. h4 h5 6. Nh3 Bb7 7. Ng5 d6 8. Qd2 e6 9. a4 b4 10. Ne2 a5 11. Nf4 Nf6 12. f3 Qd7 13. g3 O-O 14. Bh3 Qe8 15. O-O e5 16. dxe5 Qxe5 17. Nd3 Qe7 18. Rae1 Nbd7 19. b3 Rad8 20. Qf2 Rfe8 21. Bd4 Qf8 22. Ba1 c5 23. Rd1 Ba6 24. Rfe1 Bxd3 25. Rxd3 Ne5 26. Rd2 Nh7 27. Nxh7 Kxh7 28. f4 Nc6 29. e5 Qe7 30. Bg2 Nd4 31. Bxd4 cxd4 32. Bc6 Rf8 33. exd6 Qxd6 34. Qf3 Qc5 35. Kg2 d3 36. cxd3 Bc3 37. Rc2 Qd6 38. Re3 Bd4 39. Ree2 Bc3 40. Bb5 Kg7 41. Re4 Rc8 42. Rce2 Bf6 43. Bc4 Rc7 44. f5 Rc5 45. fxg6 fxg6 46. Rf4 Re5 47. Rf2 Qe7 48. Qc6 Re3 49. Qd5 Qe5 50. Qxe5 Rxe5 51. Rd4 Re3 52. Rd7+ Re7 53. Rd6 Re3 54. Ra6 Re5 55. d4 Re3 56. Rf4 Rc3 57. Rxa5 Rc2+ 58. Kh3 Bxd4 59. Rxf8 Kxf8 60. Rd5 Bg1 61. g4 hxg4+ 62. Kxg4 Rg2+ 63. Kf3 Rf2+ 64. Kg3 Ra2 65. a5 Ke7 66. a6 Kf6 67. Rd6+ Kg7 68. Rd7+ Kf6 69. Rb7 Bc5 70. Kf3 Ke5 71. Rd7 Bg1 72. Rd5+ Kf6 73. Rd6+ Kf5 74. Bd3+ Ke5 75. Rxg6 Rf2+ 76. Kg3 Ra2 77. h5 Be3 78. Bc4 Bd4 79. h6 Kf5 80. Bd3+ 1-0

[Event "Mitropa Cup Open 2024"]
[Site "Apolda"]
[Date "2024.02.17"]
[Round "3.18"]
[White "Brunello, Sabino"]
[Black "Kraus, Tomas"]
[Result "1/2-1/2"]
[ECO "D31"]
[WhiteElo "2512"]
[BlackElo "2484"]
[Annotator "TA"]
[PlyCount "62"]
[EventDate "2024.02.15"]
[EventType "team-tourn"]
[EventCountry "GER"]
[SourceTitle "playchess.com"]
[Source "ChessBase"]
[SourceQuality "1"]
[WhiteTeam "Italy"]
[BlackTeam "Czech Republic"]
[WhiteTeamCountry "ITA"]
[BlackTeamCountry "CZE"]
[TimeControl "40/5400+30:1800+30"]

1. d4 d5 2. c4 e6 3. Nc3 Bb4 4. a3 Bxc3+ 5. bxc3 c5 6. e3 Ne7 7. Nf3 O-O 8. Bb2 ({Of course not} 8. dxc5 Nd7 $11) 8... Nbc6 9. cxd5 exd5 10. dxc5 Qa5 11. Bd3 Qxc5 12. Qc2 h6 13. c4 Be6 14. Qc3 {[%emt 0:23:16][%csl Gb2][%cal Rc3g7] [#]} Qa5 15. Qxa5 Nxa5 16. cxd5 Bxd5 17. Ke2 Nb3 18. Rad1 Nc5 19. Nd4 Nxd3 20. Kxd3 Nc6 (20... Bxg2 $2 {perishes.} 21. Rhg1 $18) 21. Nxc6 {[%emt 0:02:18] The position is equal.} Bxc6 22. f3 f5 23. Ke2 Rfd8 24. Rxd8+ Rxd8 $11 {[%emt 0:00:05][%mdl 4096] Endgame. KRB-KRB} 25. Bd4 a6 26. h4 f4 27. Rc1 fxe3 28. Kxe3 Re8+ 29. Kf4 Rf8+ 30. Ke3 Re8+ 31. Kf4 Rf8+ {[%emt 0:14:24] Weighted Error Value: White=0.09 (flawless) /Black=0.06 (flawless) .  Inaccurate:     	White=3     	Black=1      OK:         	White=9     	Black=10     Best:        	White=1     	---} 1/2-1/2

[Event "Mitropa Cup Open 2024"]
[Site "Apolda"]
[Date "2024.02.17"]
[Round "3.19"]
[White "Gnojek, Petr"]
[Black "David, Alberto"]
[Result "0-1"]
[ECO "E12"]
[WhiteElo "2428"]
[BlackElo "2525"]
[Annotator "TA"]
[PlyCount "76"]
[EventDate "2024.02.15"]
[EventType "team-tourn"]
[EventCountry "GER"]
[SourceTitle "playchess.com"]
[Source "ChessBase"]
[SourceQuality "1"]
[WhiteTeam "Czech Republic"]
[BlackTeam "Italy"]
[WhiteTeamCountry "CZE"]
[BlackTeamCountry "ITA"]
[TimeControl "40/5400+30:1800+30"]

1. d4 Nf6 2. c4 e6 3. Nf3 b6 4. a3 Bb7 5. Nc3 d5 6. cxd5 Nxd5 7. Qc2 Nxc3 8. bxc3 Be7 9. e4 O-O 10. Bd3 c5 11. O-O Qc7 12. Qe2 Nd7 13. a4 Rac8 14. Rd1 Rfe8 15. e5 Nf8 16. Be3 {[%emt 0:09:02] The position is equal.} Ng6 17. Ng5 Bxg5 18. Bxg5 cxd4 19. cxd4 Qc3 20. Qg4 Bd5 21. h4 {[%emt 0:08:29] [#] And now h5 would win.} (21. Ba6 {simplifies} Rb8 22. Bb5 Rf8 23. h4) 21... h5 22. Qxh5 {[%emt 0:00:09] Strongly threatening Ba6.} Qxd4 23. Bb5 {[%emt 0:08:49] This pair of bishops is nice.} (23. Bxg6 fxg6 24. Rxd4 (24. Qxg6 Qg4 $15) 24... gxh5 $11) 23... Qe4 24. f3 Qf5 {[%emt 0:00:18][%cal Og6e5] ...Nxe5! is the strong threat.} 25. Bxe8 Rxe8 26. Qg4 Qxg4 27. fxg4 {[%emt 0:00:02] Black must now prevent Re1.} Nxe5 28. Rac1 a6 (28... f6 $11 {remains equal.} 29. Bf4 Nxg4) 29. Rc7 ({White should try} 29. Rd4 $16) 29... b5 30. axb5 (30. a5 $14) 30... axb5 $11 31. Rb1 Ra8 32. Rxb5 Ra2 33. h5 (33. Rb4 $11) 33... Rxg2+ $15 (33... Nxg4 34. Rc8+ Kh7 35. Rbb8 Rxg2+ (35... Bxg2 36. Rh8#) 36. Kf1 Nh2+ 37. Ke1 Nf3+ (37... Rxg5 38. Rh8#) 38. Kf1 Nh2+ (38... Nxg5 39. Rh8#) 39. Ke1 Nf3+ (39... Rxg5 40. Rh8#) 40. Kf1 Nh2+ $16 (40... Nxg5 41. Rh8#)) 34. Kf1 Ra2 $1 {[%emt 0:00:17][%mdl 1024] Black has compensation.} (34... Rxg4 $2 {loses.} 35. Rb8+ Kh7 36. Rcc8 $18) 35. Rb8+ {[%emt 0:00:34] Loses the game.} (35. Rc3 $15) 35... Kh7 $19 {[%emt 0:00:03] ( -> ...Bg2+)} 36. Rcc8 $2 {[%emt 0:00:03] [#]} (36. Rc3 $19) 36... Bg2+ {[%emt 0:00:05] Black mates.} 37. Ke1 Nd3+ 38. Kd1 Bf3# {[%emt 0:00:04] Weighted Error Value: White=0.45/Black=0.09 (flawless) .  Mistake:       	White=5     	Black=1      Inaccurate:     	---       	Black=3      OK:         	White=8     	Black=8      Best:        	White=3     	Black=4      Strong:       	---       	Black=1} 0-1

[Event "Mitropa Cup Open 2024"]
[Site "Apolda"]
[Date "2024.02.17"]
[Round "3.20"]
[White "Carnicelli, Valerio"]
[Black "Nemec, Jachym"]
[Result "1/2-1/2"]
[ECO "B32"]
[WhiteElo "2427"]
[BlackElo "2393"]
[Annotator "TA"]
[PlyCount "82"]
[EventDate "2024.02.15"]
[EventType "team-tourn"]
[EventCountry "GER"]
[SourceTitle "playchess.com"]
[Source "ChessBase"]
[SourceQuality "1"]
[WhiteTeam "Italy"]
[BlackTeam "Czech Republic"]
[WhiteTeamCountry "ITA"]
[BlackTeamCountry "CZE"]
[TimeControl "40/5400+30:1800+30"]

1. e4 c5 2. Nf3 Nc6 3. d4 cxd4 4. Nxd4 e5 5. Nb5 d6 6. N1c3 a6 7. Na3 Be6 8. Nc4 Rb8 9. Ne3 Nf6 10. Bd3 Nb4 11. O-O Be7 12. Bc4 Rc8 13. Bb3 Nc6 14. Ned5 Nd4 15. Nxf6+ Bxf6 16. Bxe6 fxe6 17. Be3 O-O 18. Qd3 Qb6 19. Rab1 Qc6 20. Rbc1 Qc4 21. Rfd1 b5 22. a3 ({White should play} 22. Bxd4 $11 exd4 23. Ne2 Qxa2 24. Nxd4) 22... Qxd3 $15 23. cxd3 Nb3 24. Rb1 h6 25. Rf1 Bg5 26. Rbd1 {[%emt 0:01:27] Prevents Nd2} Nd4 27. Bxg5 hxg5 28. f3 Rf7 29. Rf2 Rfc7 30. Ne2 Nc2 31. d4 Ne3 32. Re1 Nc4 33. dxe5 dxe5 34. Ng3 $1 Rd8 35. Rc2 {[%emt 0:02:37] [#] And now b3 would win.} Rcd7 {[%emt 0:00:29] The position is equal.} 36. Nf1 Rd3 37. Kf2 Rb3 38. Ree2 Rdd3 {[%emt 0:01:39] [#]} 39. a4 $1 Kh7 (39... Kf7 40. axb5) 40. axb5 axb5 41. Nd2 Nxd2 {[%emt 0:01:14] Weighted Error Value: White=0.07 (flawless) /Black=0.06 (flawless) .  Mistake:       	White=1     	---        Inaccurate:     	White=2     	Black=2      OK:         	White=17    	Black=13     Best:        	White=1     	Black=1      Strong:       	White=1     	---} 1/2-1/2

[Event "Mitropa Cup Open 2024"]
[Site "Apolda"]
[Date "2024.02.18"]
[Round "4.1"]
[White "Sahidi, Samir"]
[Black "Bluebaum, Matthias"]
[Result "0-1"]
[ECO "B13"]
[WhiteElo "2478"]
[BlackElo "2655"]
[Annotator "TA"]
[PlyCount "92"]
[EventDate "2024.02.15"]
[EventType "team-tourn"]
[EventCountry "GER"]
[SourceTitle "playchess.com"]
[Source "ChessBase"]
[SourceQuality "1"]
[WhiteTeam "Slovakia"]
[BlackTeam "Germany"]
[WhiteTeamCountry "SVK"]
[BlackTeamCountry "GER"]
[TimeControl "40/5400+30:1800+30"]

1. e4 c6 2. d4 d5 3. exd5 cxd5 4. Bd3 Nc6 5. c3 Qc7 6. h3 e6 {[%emt 0:00:31] 6...g6 is becoming the main line. B13: Caro-Kann: Exchange Variation and Panov-Botvinnik Attack.} 7. Nf3 Bd6 8. O-O Nge7 9. Re1 O-O 10. Bxh7+ Kxh7 11. Ng5+ Kg6 12. Qg4 f5 13. Qh4 f4 14. Qg4 e5 15. Ne6+ Kf7 16. Qxg7+ Kxe6 17. Qxf8 (17. dxe5 Nxe5 18. Qxf8 N7g6 19. Qe8+ Kf6 $19) 17... Ng6 $1 18. Qh6 $1 Kf6 $1 19. Na3 $146 (19. h4 $15 Qg7 (19... exd4 $2 20. cxd4 Qf7 21. Nc3 $18) 20. Qg5+ Kf7 21. h5) ({Predecessor:} 19. dxe5+ Bxe5 20. Nd2 Bf5 21. Nf3 Be4 22. Qg5+ Kg7 23. Nxe5 Qxe5 24. Qxe5+ Ncxe5 25. f3 {1-0 Blanco Ronquillo,H (2442)-Ohler,J (2273) Titled Tuesday intern op 24th Oct Late blitz 2023 (10)}) 19... Qg7 $1 $17 (19... exd4 $2 20. Nb5 Qg7 21. Qxg7+ Kxg7 22. Nxd6 $18) 20. Qh5 $2 {[%emt 0:04:50] [#]} (20. dxe5+ $17 Bxe5 21. Qxg7+ Kxg7 22. c4) 20... Bd7 $1 $19 (20... exd4 21. Nb5 (21. Qxd5 Qd7 $15) 21... Qd7 22. h4 $14 (22. Nxd4 Nxd4 23. cxd4 Qf5 $17) (22. Qxd5 Be5 $11) (22. cxd4 Kg7 $11)) 21. h4 Rh8 (21... exd4 $2 22. Qg5+ (22. Qxd5 Bb8 $11) 22... Kf7 23. Qxd5+ Kf8 24. Qxd6+ $18) 22. Qg5+ Kf7 23. h5 {[%emt 0:00:29] [#]} Nge7 $2 (23... Rh6 $1 $19 {is more deadly.} 24. dxe5 Ncxe5 (24... Ngxe5 25. Qxg7+ Kxg7 26. Bxf4 $17)) 24. Qxg7+ $17 Kxg7 25. Nb5 Bb8 26. dxe5 Bxe5 27. Nxa7 Rxh5 28. Nb5 (28. Nxc6 $142 Nxc6 29. a4) 28... Ng6 $17 29. f3 Nh4 30. Kf2 Rg5 31. Rg1 Nb4 32. Nd4 $2 (32. a4 $17) 32... Bxd4+ 33. cxd4 Nd3+ 34. Ke2 Bb5 (34... Rxg2+ 35. Rxg2+ (35. Kxd3 $2 {too greedy.} Rxg1 36. b4 Nxf3 $19) 35... Nxg2 36. Kxd3 $18) 35. Bxf4 $2 (35. Bd2) 35... Nxf4+ $19 36. Kd2 Nfxg2 37. Kc3 Nxf3 38. Rh1 Nf4 39. Kb4 Ba6 40. b3 Nxd4 41. Kc5 Nf3 42. Kb6 d4 43. Rac1 Nd5+ 44. Ka7 d3 45. Rh3 d2 46. Rd1 Nc3 (46... Ne5 $142 47. Kb8 Nc6+ 48. Kc8 Rg6 (48... b6+ {is a self mate.} 49. Kd7 Rg6 50. Rg3 Ne5+ 51. Kd8 Rxg3 52. Rxd2 Nf7+ 53. Kd7 Rc3 54. Rg2+ Kf8 55. Ke6 Ne3 56. Rg8+ Kxg8 57. Ke7 Bc8 58. Ke8 Rc6 59. Ke7 Re6#) 49. Rg3 Rxg3 50. Rxd2 Rg6 51. Rxd5 Ne7+ 52. Kb8 Nxd5 53. Ka7 Bb5 54. a4 Ra6+ (54... Bc6 55. b4 Bxa4 56. Ka8 Ra6+ 57. Kb8 Bb5 58. Kxb7 Ra3 59. Kc8 Bc6 60. Kd8 Ra8#) 55. Kxb7 Rb6+ 56. Ka7 Bc6 57. b4 Rxb4 58. a5 Rb7+ 59. Ka8 Nc7#) 0-1

[Event "Mitropa Cup Open 2024"]
[Site "Apolda"]
[Date "2024.02.18"]
[Round "4.2"]
[White "Svane, Rasmus"]
[Black "Haring, Filip"]
[Result "1/2-1/2"]
[ECO "D24"]
[WhiteElo "2637"]
[BlackElo "2432"]
[Annotator "TA"]
[PlyCount "67"]
[EventDate "2024.02.15"]
[EventType "team-tourn"]
[EventCountry "GER"]
[SourceTitle "playchess.com"]
[Source "ChessBase"]
[SourceQuality "1"]
[WhiteTeam "Germany"]
[BlackTeam "Slovakia"]
[WhiteTeamCountry "GER"]
[BlackTeamCountry "SVK"]
[TimeControl "40/5400+30:1800+30"]

1. d4 Nf6 2. c4 e6 3. Nf3 d5 4. Nc3 dxc4 5. e4 b5 6. e5 $1 Nd5 7. Nxb5 Nb6 8. Be2 {[%emt 0:00:15] White is slightly better.} Nc6 9. Be3 Be7 10. Nc3 Bb7 11. O-O Qd7 12. b3 cxb3 13. axb3 O-O 14. Qb1 Nb4 15. Ne4 Qc6 16. Nfd2 Qc2 17. Qxc2 Nxc2 18. Rac1 Nxe3 19. fxe3 Bxe4 20. Nxe4 Nd5 {[%emt 0:00:06] Black is weak on the light squares} 21. Kf2 {[%emt 0:14:05] The position is equal.} f6 22. exf6 Nxf6 23. Nxf6+ Rxf6+ 24. Kg1 Rxf1+ 25. Bxf1 $11 {[%emt 0:01:19][%mdl 4096] Endgame. KRB-KRB} Bd6 26. Rc6 e5 27. dxe5 Bxe5 28. Ra6 Bd6 29. Bc4+ Kf8 30. Kf2 Re8 31. Rxa7 Rxe3 32. Rxc7 (32. Kxe3 $5 Bc5+ $8 33. Ke2 Bxa7 34. b4 $17) 32... Bxc7 33. Kxe3 Bxh2 34. b4 {[%emt 0:00:06] Weighted Error Value: White=0.04 (flawless) /Black=0.03 (flawless) .  Inaccurate:     	White=1     	---        OK:         	White=9     	Black=15     Best:        	White=2     	Black=1} 1/2-1/2

[Event "Mitropa Cup Open 2024"]
[Site "Apolda"]
[Date "2024.02.18"]
[Round "4.3"]
[White "Turcan, Richard"]
[Black "Kollars, Dmitrij"]
[Result "0-1"]
[ECO "C78"]
[WhiteElo "2393"]
[BlackElo "2632"]
[Annotator "RC"]
[PlyCount "136"]
[EventDate "2024.02.15"]
[EventType "team-tourn"]
[EventCountry "GER"]
[SourceTitle "playchess.com"]
[Source "ChessBase"]
[SourceQuality "1"]
[WhiteTeam "Slovakia"]
[BlackTeam "Germany"]
[WhiteTeamCountry "SVK"]
[BlackTeamCountry "GER"]
[TimeControl "40/5400+30:1800+30"]

1. e4 e5 2. Nf3 Nc6 3. Bb5 a6 4. Ba4 Nf6 5. O-O b5 6. Bb3 Bc5 7. a4 Bb7 8. c3 d6 9. d4 Bb6 10. Re1 O-O 11. Bg5 h6 12. Bh4 b4 13. Bd5 g5 14. Nxg5 Nxd5 15. exd5 hxg5 16. dxc6 Bxc6 17. Qg4 f6 18. dxe5 fxe5 19. Nd2 bxc3 20. bxc3 Rf4 21. Qe6+ Kg7 22. Bg3 Qf6 23. Qxf6+ Rxf6 24. Nc4 Ba7 25. a5 Rb8 26. Rab1 Rff8 27. Nd2 Kg6 28. h4 gxh4 29. Bxh4 Rxb1 30. Rxb1 Rf4 31. Rb4 e4 32. Bg3 Rg4 33. Kh2 Kf5 34. Nb3 Bd5 35. Nd4+ Kf6 36. Nc2 Rg8 37. Ne3 Bc6 38. Bf4 Rh8+ 39. Kg1 Rh5 40. Nc4 Ke6 41. Nd2 Rxa5 42. Nxe4 Ra1+ 43. Kh2 a5 44. Rc4 Bd5 45. Rxc7 Bb6 46. Rc8 Bxe4 47. Re8+ Kf5 48. Bxd6 Bc6 49. Re5+ Kf6 50. f4 Rd1 51. Be7+ Kf7 52. Bc5 Bd8 53. Rf5+ Ke6 54. Re5+ Kd7 55. Kh3 a4 56. Re2 Rd3+ 57. Kg4 Rxc3 58. Bd4 Rd3 59. Be5 a3 60. Kf5 Bd5 61. g4 a2 62. g5 Bc7 63. Bf6 Rf3 64. Re1 Rxf4+ 65. Kg6 Rb4 66. Rd1 Ke6 67. Re1+ Be4+ 68. Kg7 Be5 0-1

[Event "Mitropa Cup Open 2024"]
[Site "Apolda"]
[Date "2024.02.18"]
[Round "4.4"]
[White "Svane, Frederik"]
[Black "Bochnicka, Vladimir"]
[Result "0-1"]
[ECO "B30"]
[WhiteElo "2625"]
[BlackElo "2398"]
[Annotator "RC"]
[PlyCount "122"]
[EventDate "2024.02.15"]
[EventType "team-tourn"]
[EventCountry "GER"]
[SourceTitle "playchess.com"]
[Source "ChessBase"]
[SourceQuality "1"]
[WhiteTeam "Germany"]
[BlackTeam "Slovakia"]
[WhiteTeamCountry "GER"]
[BlackTeamCountry "SVK"]
[TimeControl "40/5400+30:1800+30"]

1. e4 c5 2. Nf3 Nc6 3. Bb5 e6 4. O-O Nge7 5. Re1 a6 6. Bf1 d5 7. exd5 Nxd5 8. d4 Nf6 9. Be3 cxd4 10. Nxd4 Bd7 11. c4 Qc7 12. Nc3 Be7 13. h3 O-O 14. Nf3 Rfd8 15. a3 Na5 16. Rc1 Be8 17. Qc2 Rac8 18. Nd2 Nc6 19. Nf3 Nd7 20. Na4 h6 21. b4 Bf6 22. Qe4 Nce5 23. Nd2 Nf8 24. Nb6 Rxd2 25. Nxc8 Bc6 26. Qf4 Nfg6 27. Qh2 Nh4 28. Kh1 Qxc8 29. Bxd2 Nef3 30. Qd6 Be7 31. Qf4 Bg5 32. gxf3 Bxf4 33. Bxf4 Nxf3 34. Re3 e5 35. Bh2 Qf5 36. b5 Be4 37. Bg2 Ng5 38. Kg1 Bxg2 39. Kxg2 Nxh3 40. Bg3 Nf4+ 41. Kg1 axb5 42. cxb5 Qg4 43. Rxe5 Ne2+ 44. Rxe2 Qxe2 45. a4 h5 46. b6 Qg4 47. a5 Qa4 48. Rc5 f6 49. Rc7 h4 50. Bxh4 Qxh4 51. a6 Qg5+ 52. Kh1 Qd5+ 53. Kg1 Qd1+ 54. Kg2 Qd5+ 55. Kg1 Qg5+ 56. Kh1 Qh5+ 57. Kg1 Qg6+ 58. Kh2 Qh7+ 59. Kg2 Qe4+ 60. f3 Qe2+ 61. Kg3 Qxa6 0-1

[Event "Mitropa Cup Open 2024"]
[Site "Apolda"]
[Date "2024.02.18"]
[Round "4.5"]
[White "Krstulovic, Alex"]
[Black "Brunello, Sabino"]
[Result "1/2-1/2"]
[ECO "D66"]
[WhiteElo "2414"]
[BlackElo "2512"]
[Annotator "RC"]
[PlyCount "41"]
[EventDate "2024.02.15"]
[EventType "team-tourn"]
[EventCountry "GER"]
[SourceTitle "playchess.com"]
[Source "ChessBase"]
[SourceQuality "1"]
[WhiteTeam "Hungary"]
[BlackTeam "Italy"]
[WhiteTeamCountry "HUN"]
[BlackTeamCountry "ITA"]
[TimeControl "40/5400+30:1800+30"]

1. d4 Nf6 2. Nf3 d5 3. c4 e6 4. Nc3 c6 5. Bg5 Be7 6. e3 Nbd7 7. Bd3 h6 8. Bh4 O-O 9. O-O dxc4 10. Bxc4 b5 11. Bd3 Bb7 12. Rc1 Rc8 13. Qe2 b4 14. Na4 Qa5 15. Bxf6 gxf6 16. Nd2 Qxa4 17. Qg4+ Kh8 18. Qh4 Kg7 19. Qg4+ Kh8 20. Qh4 Kg7 21. Qg4+ 1/2-1/2